 Dungeon Crawl Stone Soup version 0.25-a0-865-gd392131cc7 (webtiles) character file.

Game seed: 11398583716521575091, levelgen mode: deterministic

84 Anathary the Cutter (level 4, -4/29 HPs)
             Began as a Vampire Gladiator on Apr 30, 2020.
             Slain by Robin
             ... wielding a +2 mace of protection
              (9 damage)
             ... on level 2 of the Dungeon.
             The game lasted 00:05:21 (1016 turns).

Anathary the Cutter (Vampire Gladiator)             Turns: 1016, Time: 00:05:22

Health: -4/29      AC:  4    Str: 13    XL:     4   Next: 23%
Magic:  4/4        EV: 14    Int: 10    God:
Gold:   38         SH:  0    Dex: 16    Spells: 3/3 levels left

rFire    . . .     SeeInvis +   a - +0 rapier
rCold    . . .     Gourm    .   (no shield)
rNeg     . . .     Faith    .   b - +0 leather armour
rPois    .         Spirit   .   c - +0 helmet
rElec    .         Reflect  .   (no cloak)
rCorr    .         Harm     .   (no gloves)
MR       +....                  (no boots)
Stlth    ++........             (no amulet)
HPRegen  0.29/turn              e - ring of protection from magic
MPRegen  0.09/turn              (no ring)

@: regenerating quickly
A: no food, fangs 3, see invisible, [frail 1], unbreathing
a: Exsanguinate


You were on level 2 of the Dungeon.
You were alive.

You visited 1 branch of the dungeon, and saw 2 of its levels.

You collected 38 gold pieces.

Inventory:

Hand Weapons
 a - a +0 rapier (weapon)
Missiles
 d - 3 throwing nets (quivered)
Armour
 b - a +0 leather armour (worn)
 c - a +0 helmet (worn)
Jewellery
 e - a ring of protection from magic (left hand)
 g - an uncursed ring of fire {unknown}
Wands
 m - a wand of digging (5)
Scrolls
 f - 2 scrolls of teleportation {unknown}
 h - a scroll of identify {unknown}
 l - a scroll of blinking {unknown}
Potions
 i - a potion of flight {unknown}
 j - a potion of might {unknown}
 k - a potion of degeneration {unknown}


   Skills:
 + Level 2.1 Fighting
 + Level 4.4 Short Blades
 - Level 1.5 Throwing
 + Level 1.1 Armour
 + Level 3.9 Dodging
 + Level 1.1 Stealth


You had 3 spell levels left.
You didn't know any spells.
Your spell library was empty.

Dungeon Overview and Level Annotations

Branches:
Dungeon (2/15)

Altars:

Annotations:
D:2 Robin


Innate Abilities, Weirdness & Mutations

You do not eat.
Your natural rate of healing is unusually fast.
You have razor-sharp teeth.
You have supernaturally acute eyesight. (SInv)
You can survive without breathing.
[You are frail. (-10% HP)]


Message History

Robin is lightly wounded.
Robin completely misses you.
You hit Robin.
Robin is moderately wounded.
Robin closely misses you.
You barely miss Robin.
Robin is moderately wounded.
Robin hits you but does no damage.
You hit Robin.
Robin is moderately wounded.
You hit Robin but do no damage.
Robin is moderately wounded.
Robin barely misses you.
You barely miss Robin.
Robin is moderately wounded.
Robin hits you but does no damage.
You hit Robin but do no damage.
Robin is moderately wounded.
Robin hits you with a +2 mace of protection!
You die...

# ### ##########.#
......#.##%#
##......##.####.#
##...............
#..........#####
##......#......# <#
#.###..##.###)####...#.
#.# #..##.# #)@g.......
#.# #.###.# ####.......
#.. ).# #%# .......
###.### #!# ##...## .
#.# ...# # #.. .... ###


You could see Robin.

Vanquished Creatures
  2 adders (D:2)
  2 worms (D:2)
  2 dart slugs (D:1)
  2 giant cockroaches
  16 goblins
  6 hobgoblins
  2 jackals (D:2)
  3 kobolds
  2 ball pythons (D:1)
  7 bats
  4 frilled lizards
  3 rats
51 creatures vanquished.

Notes
Turn   | Place    | Note
-------+----------+-------------------------------------------
     0 | D:1      | Anathary the Vampire Gladiator began the quest for the Orb.
     0 | D:1      | Reached XP level 1. HP: 16/16 MP: 1/1
    57 | D:1      | Reached XP level 2. HP: 4/22 MP: 2/2
   622 | D:1      | Reached skill level 4 in Short Blades
   780 | D:2      | Reached XP level 3. HP: 24/24 MP: 3/3
   819 | D:2      | Reached skill level 1 in Armour
   981 | D:2      | Noticed Robin
   982 | D:2      | Reached XP level 4. HP: 29/29 MP: 4/4
   993 | D:2      | Reached skill level 1 in Stealth
  1003 | D:2      | HP: 1/29 [hobgoblin/+0 club[Robin] (8)]
  1016 | D:2      | Slain by Robin

Levels and vault maps discovered:
D:1:      dpeg_arrival_radiant, layout_rooms
D:2:      minmay_spotlight, layout_loops_ring, lemuel_round_altar, uniq_terence,
          uniq_robin

Skill      XL: |  1  2  3  4 |
---------------+-------------+-----
Short Blades   | 4 |  4.4
Fighting       | 2 |  2.1
Armour         | 1 |  1.1
Stealth        | 1 |  1.1
Throwing       | |  1.5
Dodging        | |  3.9

Action                   |  1- 3 |  4- 6 || total
-------------------------+-------+-------++-------
Melee: Rapier            |   111 |    30 ||   141
       Bite              |    13 |     2 ||    15
 Abil: Exsanguinate      |     1 |       ||     1
       Revivify          |     1 |       ||     1
 Stab: Sleeping          |     2 |       ||     2
Armor: Leather armour    |    49 |     6 ||    55
Dodge: Dodged            |   131 |    19 ||   150

Table legend:
 A = Non-vault XP
 B = Vault XP
 C = Vault XP percentage of total XP
 D = Non-vault monster count
 E = Vault monster count
 F = Vault count percentage of total count
                 A         B        C        D         E       F
            +---------+---------+-------+---------+---------+-------
      Total |      96 |      24 |  20.0 |      39 |      12 |  23.5
            +---------+---------+-------+---------+---------+-------
        D:1 |      38 |       0 |   0.0 |      22 |       0 |   0.0
        D:2 |      58 |      24 |  29.3 |      17 |      12 |  41.4
            +---------+---------+-------+---------+---------+-------
